 Dungeon Crawl Stone Soup version 0.29.1-14-g9c671dbff4 (webtiles) character file.

Game seed: 9020467172690472449

156 bnorton916 the Magician (level 5, -1/28 HPs)
             Began as a Deep Elf Fire Elementalist on Feb 21, 2023.
             Slain by a yak (7 damage)
             ... on level 3 of the Dungeon.
             The game lasted 00:03:01 (3199 turns).

bnorton916 the Magician (DEFE)                      Turns: 3199, Time: 00:03:02

Health: -1/28      AC:  3    Str:  5    XL:     5   Next: 14%
Magic:  19/23      EV: 12    Int: 22    God:
Gold:   159        SH:  0    Dex: 15    Spells: 10/13 levels left

rFire   + . .      SeeInvis .   (no weapon)
rCold   . . .      Faith    .   (no shield)
rNeg    . . .      Spirit   .   a - +0 robe
rPois   .          Reflect  .   (no helmet)
rElec   .          Harm     .   (no cloak)
rCorr   .          Rampage  .   k - +0 pair of gloves
Will    .....                   (no boots)
Stlth   ++........              (no amulet)
HPRegen 0.09/turn               j - ring of magical power
MPRegen 0.18/turn               n - ring of protection from fire

@: no status effects
A: no striking features
a: no special abilities


You were on level 3 of the Dungeon.
You visited 1 branch of the dungeon, and saw 4 of its levels.

You collected 159 gold pieces.

Inventory:

Hand Weapons
 d - a +4 short sword
Missiles
 v - 2 throwing nets
Armour
 a - a +0 robe (worn)
 k - a +0 pair of gloves (worn)
Jewellery
 j - a ring of magical power (left hand)
 n - a ring of protection from fire (right hand)
Wands
 u - a wand of acid (4)
Scrolls
 e - 2 scrolls of teleportation {unknown}
 f - a scroll of enchant armour {unknown}
 g - a scroll of silence {unknown}
 l - a scroll of amnesia {unknown}
 m - a scroll of identify {unknown}
 p - a scroll of fear {unknown}
 r - a scroll of torment {unknown}
Potions
 b - a potion of magic
 c - a potion of mutation {unknown}
 h - 3 potions of brilliance {unknown}
 i - a potion of berserk rage {unknown}
 o - a potion of heal wounds {unknown}
 q - a potion of resistance {unknown}
 s - 2 potions of lignification {unknown}
 t - a potion of might {unknown}


   Skills:
 - Level 2.4 Dodging
 - Level 2.4 Stealth
 + Level 4.8 Spellcasting
 + Level 3.2 Conjurations
 + Level 4.6 Fire Magic


You had 10 spell levels left.
You knew the following spells:

 Your Spells              Type           Power      Damage    Failure   Level
a - Foxfire               Conj/Fire      88%        2x1d8     1%          1
b - Scorch                Fire           50%        2d8       2%          2

Your spell library contained the following spells:

 Spells                   Type           Power      Damage    Failure   Level
 Conjure Flame            Conj/Fire      22%        6-21      6%          3
 Inner Flame              Hex/Fire       15%        N/A       12%         3
 Flame Wave               Conj/Fire      22%        2d8       21%         4


Dungeon Overview and Level Annotations

Branches:
Dungeon (4/15)
 Temple: D:4-7

Altars:
Uskayaw

Shops:
D:1 *   D:3 *


Message History

You now have 159 gold pieces (gained 12).
A yak comes into view.
The yak bellows!
A yak comes into view. x2
The yak moves out of view.
You see here 15 gold pieces.
The yak bellows!
Casting: Foxfire (safe; 1% risk of failure)
Confirm with . or Enter, or press ? or * to list all spells.
You conjure some foxfire!
The foxfire hits the yak!
The yak is lightly wounded.
The foxfire hits the yak.
The yak is moderately wounded.
You see here a scorpion corpse.
There is a stone staircase leading up here.
Casting: Foxfire (safe; 1% risk of failure)
Confirm with . or Enter, or press ? or * to list all spells.
You conjure some foxfire!
Casting: Foxfire (safe; 1% risk of failure)
Confirm with . or Enter, or press ? or * to list all spells.
Flames lash the yak.
The yak is heavily wounded.
The yak's fire resistance burns away.
You hear a bellow! x2
The foxfire hits the yak.
The yak is burned terribly!
The yak is heavily wounded.
Your foxfire dissipates!
The yak gores you!
Ouch! That really hurt!
You climb upwards.
There is a stone staircase leading down here.
Casting: Scorch (safe; 2% risk of failure)
Confirm with . or Enter, or press ? or * to list all spells.
Flames lash the yak.
The yak is burned terribly!
The yak is severely wounded.
The yak gores you!
* * * LOW HITPOINT WARNING * * *
The yak gores you!
You die...

....###.#..รท......#
###.[.###
.....##.#.........#
#.......###
......#.#.........#
#..........
........#..#...##.#
#.......###
......###..#...##.#
###...### .....##
#..#...##.# #...#
#...## #..######.#
##### ##.## #..# #Y.#
...# ##.# #@## ##.# #.#
#.# #.# #.# #.# ###
##.## #.# #.# #..
#.#.######.#####.# #.#
.###.............# #.#
#.#.############.#
#####.# ##.## ##.##
#...).. #.#
#####.#.#########.###.#


You could see a yak (combustible).

Vanquished Creatures
  A scorpion (D:4)
  An iguana (D:4)
  2 worms (D:3)
  2 dart slugs
  2 orcs (D:3)
  4 bats
  5 endoplasms
  A giant cockroach (D:2)
  10 goblins
  5 hobgoblins
  4 jackals (D:2)
  5 kobolds
  A quokka (D:1)
  5 ball pythons
  A frilled lizard (D:1)
  6 rats
55 creatures vanquished.

Vanquished Creatures (others)
  232 foxfires
232 creatures vanquished.

Grand Total: 287 creatures vanquished

Notes
Turn   | Place    | Note
-------+----------+-------------------------------------------
     0 | D:1      | bnorton916 the Deep Elf Fire Elementalist began the quest
                  | for the Orb.
     0 | D:1      | Reached XP level 1. HP: 10/10 MP: 6/6
   180 | D:1      | Reached XP level 2. HP: 15/15 MP: 2/8
   681 | D:1      | Found Yrenef's General Store.
   734 | D:1      | Found a faded altar of an unknown god.
  1144 | D:2      | Reached XP level 3. HP: 19/19 MP: 8/10
  1147 | D:2      | Learned a level 2 spell: Scorch
  1344 | D:2      | Found a hide-covered altar of Uskayaw.
  2316 | D:3      | Found Bagi's Assorted Antiques.
  2879 | D:3      | Reached XP level 4. HP: 24/24 MP: 12/12
  3019 | D:4      | Noticed a scorpion
  3027 | D:4      | Killed a scorpion
  3129 | D:4      | Reached XP level 5. HP: 28/28 MP: 14/14
  3158 | D:4      | Noticed a yak
  3158 | D:4      | Noticed a yak
  3158 | D:4      | Noticed a yak
  3199 | D:3      | Slain by a yak

Illustrated notes

Levels and vault maps discovered:
D:1:      matt_arrival_grand_opening, layout_rooms, serial_shops,
          nicolae_shop_waterfront, dreamdust_ecumenical_altar_angels_and_demons,
          minmay_pentomino_z2
D:2:      layout_rooms, basic_altar, minmay_goblin_outpost
D:3:      layout_loops_ring, serial_shops, nicolae_shop_hallway_stairs,
          kennysheep_path_1, minmay_misc_feat_four_crosses
D:4:      layout_layer_cave, mainiacjoe_overflow_brackets,
          minmay_temple_entry_stoned_glass, kennysheep_crisscross,
          nicolae_titane

Skill      XL: |  1  2  3  4 |
---------------+-------------+-----
Conjurations   | 2 3 |  3.2
Fire Magic     | 4 |  4.6
Spellcasting   | 4 |  4.8
Dodging        | |  2.4
Stealth        | |  2.4

Action                   |  1- 3 |  4- 6 || total
-------------------------+-------+-------++-------
 Cast: Foxfire           |   128 |     9 ||   137
       Scorch            |     6 |     4 ||    10
Armor: Robe              |     1 |       ||     1
Dodge: Dodged            |    24 |       ||    24
